 Dungeon Crawl Stone Soup version 0.20.1-1-g8b1a95d (webtiles) character file.

303 vineage the Chopper (level 6, 0/51 HPs)
             Began as a Minotaur Fighter on Nov 3, 2017.
             Slain by Darkyelf's ghost (7 damage)
             ... on level 4 of the Dungeon.
             The game lasted 00:03:46 (2226 turns).

vineage the Chopper (Minotaur Fighter)              Turns: 2226, Time: 00:03:46

Health: 0/51       AC: 11    Str: 22    XL:     6   Next: 15%
Magic:  5/5        EV:  4    Int:  5    God:
Gold:   87         SH:  9    Dex: 10    Spells: 5/5 levels left

rFire    . . .     SeeInvis .   a - +0 war axe
rCold    . . .     Gourm    .   c - +0 shield
rNeg     . . .     Faith    .   r - +0 plate armour
rPois    .         Spirit   .   (helmet restricted)
rElec    .         Reflect  .   (no cloak)
rCorr    .         Harm     .   (no gloves)
MR       .....                  (no boots)
Stlth    ..........             e - amulet of regeneration
Regen    0.6/turn               (no ring)
MPRegen  0.1/turn               (no ring)

@: flying
A: retaliatory headbutt, horns 2
a: no special abilities


You were on level 4 of the Dungeon.
You were hungry.

You visited 1 branch of the dungeon, and saw 4 of its levels.

You collected 87 gold pieces.

Inventory:

Hand Weapons
 a - a +0 war axe (weapon)
Armour
 b - a +0 scale mail
 c - a +0 shield (worn)
 r - a +0 plate armour (worn)
Jewellery
 e - an amulet of regeneration (around neck)
 j - an uncursed ring of protection from fire {unknown}
 n - an uncursed amulet of faith {unknown}
Wands
 p - a wand of iceblast (8/15)
Scrolls
 d - a scroll of magic mapping {unknown}
 g - 3 scrolls of teleportation
 i - a scroll of remove curse
 l - a scroll of blinking
 s - 2 scrolls of recharging {unknown}
 t - a scroll of enchant weapon {unknown}
Potions
 m - 2 potions of curing
Comestibles
 f - 2 bread rations
 h - 2 meat rations
 o - a fruit


   Skills:
 - Level 3.6 Fighting
 + Level 7.9 Axes
 - Level 3.6 Armour
 - Level 3.6 Shields


You had 5 spell levels left.
You didn't know any spells.

Dungeon Overview and Level Annotations

Branches:
Dungeon (4/15)
 Temple: D:4-7

Altars:

Annotations:
D:4 Darkyelf's ghost, novice FoAK


Innate Abilities, Weirdness & Mutations

You reflexively headbutt those who attack you in melee.
You have a pair of horns on your head.


Message History

You hit Darkyelf's ghost but do no damage.
Darkyelf's ghost is moderately damaged.
You block Darkyelf's ghost's attack.
You hit Darkyelf's ghost but do no damage.
You headbutt Darkyelf's ghost, but do no damage.
Darkyelf's ghost is moderately damaged.
Darkyelf's ghost hits you!
Darkyelf's ghost hits you but does no damage.
Your shield and plate armour prevent you from hitting Darkyelf's ghost.
Darkyelf's ghost is moderately damaged.
Darkyelf's ghost hits you.
You closely miss Darkyelf's ghost.
Darkyelf's ghost is moderately damaged.
Darkyelf's ghost hits you!
* * * LOW HITPOINT WARNING * * *
It was a potion of magic.
Magic courses through your body. Darkyelf's ghost hits you!
* * * LOW HITPOINT WARNING * * *
You feel better. Darkyelf's ghost hits you!
You die...

# # # # ## . .# #.# .##
###.##### ..# #.......##
#.####.# ##...#####.##..
.......###......@W.....#
#)).<....##...#####.####
#).##..#.##..##
.).##..#.##.##
..###.......#
#.###....#### .......###
..####.# ..####.###


You could see Darkyelf's ghost.

Vanquished Creatures
  A phantom (D:4)
  2 orc wizards (D:4)
  A worker ant (D:4)
  Robin (D:3)
  4 adders
  5 worms
  4 orcs
  4 giant cockroaches
  20 goblins
  8 hobgoblins
  4 kobolds
  A quokka (D:3)
  6 bats
  4 frilled lizards
  13 rats
78 creatures vanquished.

Notes
Turn   | Place    | Note
-------+----------+-------------------------------------------
     0 | D:1      | vineage the Minotaur Fighter began the quest for the Orb.
     0 | D:1      | Reached XP level 1. HP: 19/19 MP: 0/0
   182 | D:1      | Reached skill level 3 in Axes
   341 | D:1      | Reached XP level 2. HP: 26/26 MP: 1/1
   888 | D:2      | Reached skill level 4 in Axes
   888 | D:2      | Reached XP level 3. HP: 30/31 MP: 2/2
  1545 | D:3      | Reached skill level 5 in Axes
  1596 | D:3      | Reached XP level 4. HP: 30/39 MP: 3/3
  1823 | D:3      | Noticed Robin
  1841 | D:3      | Killed Robin
  1841 | D:3      | Reached skill level 6 in Axes
  2071 | D:4      | Noticed a phantom
  2103 | D:4      | Killed a phantom
  2103 | D:4      | Reached skill level 7 in Axes
  2103 | D:4      | Reached XP level 5. HP: 38/45 MP: 4/4
  2112 | D:4      | Reached XP level 6. HP: 49/51 MP: 5/5
  2213 | D:4      | Noticed Darkyelf's ghost (novice FoAK)
  2225 | D:4      | HP: 1/51 [Darkyelf's ghost (8)]
  2226 | D:4      | Slain by Darkyelf's ghost

Skill      XL: |  1  2  3  4 |
---------------+-------------+-----
Axes           | 3 4 5 7 |  7.9
Fighting       | |  3.6
Armour         | |  3.6
Shields        | |  3.6

Action                   |  1- 3 |  4- 6 || total
-------------------------+-------+-------++-------
Melee: War axe           |    97 |   100 ||   197
       Headbutt          |    10 |    21 ||    31
  Use: Scroll            |     7 |       ||     7
       Potion            |       |     5 ||     5
  Eat: Chunk             |     2 |     2 ||     4
Armor: Scale mail        |    25 |       ||    25
       Plate armour      |    23 |    58 ||    81
Dodge: Dodged            |    27 |     7 ||    34
Block: Shield            |    41 |    46 ||    87
